 Dungeon Crawl Stone Soup version 0.19-a0-1068-g99dd0f4 (webtiles) character file.

585133 FitzyFitz the Demonologist (level 27, -10/226 HPs)
             Began as a Merfolk Ice Elementalist on Aug 1, 2016.
             Was the Champion of Ashenzari.
             Mangled by a death cob (29 damage)
             ... on level 2 of the Realm of Zot on Aug 4, 2016.
             The game lasted 07:42:28 (85074 turns).

FitzyFitz the Demonologist (MfIE)                  Turns: 85074, Time: 07:42:28

Health: -10/226    AC: 14    Str: 12    XL:     27
Magic:  16/39      EV: 32    Int: 29    God:    Ashenzari [******]
Gold:   4301       SH:  0    Dex: 24    Spells: 11 memorised, 5 levels left

rFire  . . .     SeeInvis +     a - +7 bardiche (freeze) (curse)
rCold  + . .     Gourm    .     x - +2 robe {Archmagi} (curse)
rNeg   + . .     Faith    .     (shield currently unavailable)
rPois  .         Spirit   .     E - +1 helmet (curse)
rElec  .         Dismiss  .     Y - +2 cloak {MR+} (curse)
rCorr  +         Reflect  .     V - +0 pair of gloves (curse)
SustAt +         Harm     .     v - +0 pair of boots {run} (curse)
MR     +++..     Clarity  +     s - amulet of regeneration (curse)
Stlth  ++++++++..               n - ring of Honesty {SustAt rC+ rN+} (curse)
                                N - ring of Moennotass {rCorr *Confuse Int+8 Dex+7} (curse)

@: about to teleport, dragon's call, very slightly contaminated, hasted and
slowed, constricted, drained, quick
A: change form in water, swift swim, slow regeneration 1
a: Curse Item, Scrying, Transfer Knowledge, Renounce Religion
}: 3/15 runes: serpentine, barnacled, silver


You were on level 2 of the Realm of Zot.
You worshipped Ashenzari.
Ashenzari was exalted by your worship.
You were not hungry.

You visited 11 branches of the dungeon, and saw 50 of its levels.
You visited the Abyss 2 times.
You also visited: Labyrinth and Ossuary.

You collected 8291 gold pieces.
You spent 3990 gold pieces at shops.

Inventory:

Hand Weapons
 a - a cursed +7 bardiche of freezing (weapon)
Missiles
 y - 10 throwing nets (quivered)
Armour
 v - a cursed +0 pair of boots of running (worn)
 x - a cursed +2 robe of the Archmagi (worn)
 E - a cursed +1 helmet (worn)
 V - a cursed +0 pair of gloves (worn)
 Y - a cursed +2 cloak of magic resistance (worn)
Jewellery
 i - the ring of Ilaoquma {rC+ rN+ Str-4 Stlth+}
   (You found it on level 2 of the Crypt)

   [ring of stealth]

   It affects your strength (-4).
   It protects you from cold.
   It protects you from negative energy.
   It makes you more stealthy.
 n - the cursed ring of Honesty (right hand) {SustAt rC+ rN+}
   (You took it off a deep elf archer on level 3 of the Elven Halls)

   [ring of sustain attributes]

   It sustains your strength, intelligence and dexterity.
   It protects you from cold.
   It protects you from negative energy.
   It has a curse placed upon it.
 q - the macabre finger necklace {rN+}
   (You found it on level 2 of the Depths)

   [amulet of nothing]

   It protects you from negative energy.
 r - the ring of Moshrel {rC+ rN+ MP+9}
   (You took it off a skeletal warrior on level 3 of the Crypt)

   [ring of positive energy]

   It protects you from cold.
   It protects you from negative energy.
   It affects your magic capacity (+9).
 s - a cursed amulet of regeneration (around neck)
 N - the cursed ring of Moennotass (left hand) {rCorr *Confuse Int+8 Dex+7}
   (You took it off a deep elf knight on level 3 of the Elven Halls)

   [ring of resist corrosion]

   It affects your intelligence (+8).
   It affects your dexterity (+7).
   It may confuse you when you take damage.
   It has a curse placed upon it.
 R - a +4 ring of intelligence
 Z - the ring of Giucwox {+Fly rElec rF+ Str-5}
   (You took it off a deep elf mage on level 1 of the Elven Halls)

   [ring of flight]

   It affects your strength (-5).
   It protects you from fire.
   It insulates you from electricity.
   It lets you fly.
Wands
 b - a wand of teleportation (5/9)
 d - a wand of digging (10/24)
 e - a wand of heal wounds (2/9)
 m - a wand of disintegration (3/24)
 D - a wand of teleportation (2/9)
 H - a wand of hasting (2/9)
Scrolls
 f - 2 scrolls of enchant armour
 g - a scroll of holy word
 k - 11 scrolls of recharging
 l - 6 scrolls of fog
 u - a scroll of teleportation
 z - 6 scrolls of magic mapping
 C - a scroll of fear
 F - 5 scrolls of remove curse
 G - 28 scrolls of identify
 I - 3 scrolls of silence
 K - a scroll of summoning
Potions
 p - 2 potions of brilliance
 w - a potion of magic
 A - 14 potions of flight
 B - 3 potions of cancellation
 J - 6 potions of heal wounds
 L - 7 potions of might
 M - 13 potions of curing
 S - 2 potions of agility
 T - 4 potions of haste
Books
 j - an Akashic Record

   Spells                             Type                      Level
   a - Dispersal                      Translocation                6
   b - Malign Gateway                 Summoning/Translocation      7
   c - Disjunction                    Translocation                8
   d - Controlled Blink               Translocation                8
 X - a book of the Sky

   Spells                             Type                      Level
   a - Summon Lightning Spire         Summoning/Air                4
   b - Airstrike                      Air                          4
   c - Silence                        Hexes/Air                    5
   d - Deflect Missiles               Charms/Air                   6
   e - Conjure Ball Lightning         Conjuration/Air              6
   f - Tornado                        Air                          9
Miscellaneous
 h - a phial of floods
 o - 2 sacks of spiders
 O - 2 boxes of beasts
Comestibles
 c - 27 bread rations
 t - 38 fruits
 P - 3 beef jerkies


   Skills:
 + Level 20.7(20.6) Fighting
 - Level 21.4(25.8) Polearms
 - Level 11.1(11.0) Armour
 - Level 20.1(23.4) Dodging
 - Level 17.0(20.6) Stealth
   Level 4.0(3.9) Shields
 - Level 12.2(12.1) Spellcasting
   Level 2.9(6.6) Conjurations
 - Level 2.3(5.7) Hexes
 - Level 4.1(8.3) Charms
 + Level 23.7(26.8) Summonings
 - Level 2.0(5.2) Necromancy
 - Level 11.1(15.2) Translocations
 - Level 13.0(17.0) Ice Magic
 - Level 4.2(8.3) Evocations


You had 5 spell levels left.
You knew the following spells:

 Your Spells              Type           Power        Failure   Level  Hunger
a - Regeneration          Chrm/Necr      ######....   1%          3    None
b - Ozocubu's Armour      Chrm/Ice       #######.     1%          3    None
c - Dragon's Call         Summ           ########..   10%         9    #######
d - Shadow Creatures      Summ           N/A          0%          6    ####...
e - Summon Butterflies    Summ           ########     0%          1    None
f - Aura of Abjuration    Summ           ########..   0%          5    ##.....
g - Summon Mana Viper     Hex/Summ       ########     1%          5    ##.....
h - Apportation           Tloc           ########..   0%          1    None
i - Blink                 Tloc           N/A          0%          2    None
j - Swiftness             Chrm/Air       ######..     1%          2    None
k - Controlled Blink      Tloc           N/A          41%         8    #######


Dungeon Overview and Level Annotations

Branches:
Dungeon (15/15)            Temple (1/1) D:5            Lair (6/6) D:10
 Shoals (4/4) Lair:2        Snake (4/4) Lair:2        Slime (0/5) Lair:5
    Orc (2/2) D:12            Elf (3/3) Orc:2        Vaults (5/5) D:13
  Crypt (3/3) Vaults:3       Tomb (0/3) Crypt:3      Depths (5/5) D:15
    Zot (2/5) Depths:5

Altars:
Ashenzari
Dithmenos
Elyvilon
Fedhas
Gozag
Kikubaaqudgha
Makhleb
Pakellas
Qazlal
Vehumet
Yredelemnul
Beogh
Jiyva

Shops:
D:5 [   D:11 [   D:12 *   Orc:2 }}[???(}   Elf:1 ?   Snake:4 [   Vaults:1 !
Vaults:4 *   Depths:2 }?

Portals:
Hell: Depths:1 Depths:2 Depths:3 Depths:4 Depths:5
Abyss: Depths:4 Depths:5
Pandemonium: Depths:1 Depths:3
Ziggurat: Depths:1
Trove: Vaults:4 (give +4 fire dragon armour)

Annotations:
Lair:3 exclusion: oklob plant
Elf:2 5 runed doors
Depths:2 2 runed doors


Innate Abilities, Weirdness & Mutations

You revert to your normal form in water.
You are very nimble and swift while swimming.
You regenerate slowly when monsters are visible.


Message History

The tentacled monstrosity tentacle-slaps you but does no damage.
* * * LOW HITPOINT WARNING * * *
The tentacled monstrosity constricts you.
The white draconian shifter hits your golden dragon with a rapier!
The mottled draconian spits sticky flame at you.
The splash of liquid fire hits your golden dragon.
Your golden dragon appears unharmed.
Your golden dragon is covered in liquid flames!
Your moth of wrath goads your shadow dragon on!
Your shadow dragon goes berserk!
Your golden dragon bites the moth of wrath!!
Your golden dragon closely misses the moth of wrath.
Your golden dragon completely misses the moth of wrath.
The tentacled monstrosity tentacle-slaps your shadow dragon.
The tentacled monstrosity tentacle-slaps your shadow dragon but does no damage. x2
The tentacled monstrosity constricts your shadow dragon!
The golden dragon completely misses you. x2
The golden dragon tramples you but does no damage.
The death cob hits you!!
You die...

,,, ,,,** * *** ,, , , , , ,
* ..., * *)##.... , ,,,, , ,
* **, ...,, #.......** * ,,
,,,**, , .... *##..d...#*
##,,* , ,,,,,.....##......#*
#... , , .....#....D.# #...#
, , ,,,, .......%....# #...#
, , ,,.....DXX...# ##...#
,,, , ,
......z@y.########....## ,
,, ,,
?dDq..yzD............... ,,
,,,.d....D.................
,, ,
,,,....q...................
, , .......)................
, ,
,,..y............<.......#
,, ,,
.......................# , ,
,,,,.......................#
,, , ,,,
,.......................


You could see 2 tentacled monstrosities, a green draconian knight (fleeing), a
golden dragon (berserk), 2 draconians, a red draconian (fleeing), a white
draconian shifter (fleeing), 2 death cobs, 2 moths of wrath, a friendly shadow
dragon (berserk), 3 friendly golden dragons and a friendly moth of wrath.

Vanquished Creatures
  An orb of fire (Zot:1)
  A juggernaut (Depths:2)
  A caustic shrike (Depths:2)
  Jory (Vaults:4)
  A profane servitor (Crypt:3)
  4 golden dragons
  the Enchantress (Depths:1)
  2 bone dragons
  An electric golem (Zot:1)
  Jorgrun (Shoals:2)
  4 tentacled monstrosities
  A quicksilver dragon (Vaults:4)
  4 titans
  5 liches
  2 deep elf blademasters (Elf:3)
  3 death cobs
  A deep elf master archer (Elf:3)
  Polyphemus (Shoals:4)
  An Executioner (Abyss:2)
  2 krakens
  5 ancient champions
  5 sphinxes
  Donald (Vaults:1)
  5 shadow dragons
  5 tengu reavers
  7 greater nagas
  Roxanne (D:14)
  Ilsuiw (Shoals:4)
  3 revenants
  5 storm dragons
  A draconian knight (Depths:5)
  A cacodemon (Depths:3)
  9 fire giants
  10 frost giants
  A balrug (Abyss:2)
  13 deep elf sorcerers
  16 vault wardens
  Aizul (Crypt:1)
  A curse skull (Crypt:3)
  A draconian zealot (Zot:1)
  The ghost of Deeps the Severer, a journeyman MiFi of Okawaru (Elf:2)
  A draconian scorcher (Zot:1)
  A ghoul (Crypt:3)
  3 spriggan defenders (Depths:1)
  2 deep elf elementalists
  3 war gargoyles (Vaults:5)
  12 ironheart preservers
  A draconian annihilator (Depths:5)
  3 vampire knights
  24 very ugly things
  A black draconian (Zot:1)
  A green draconian (Depths:5)
  A draconian caller (Zot:1)
  2 purple draconians (Zot:1)
  24 stone giants
  4 deep elf demonologists
  2 white draconians (Depths:5)
  3 deep elf annihilators (Elf:3)
  2 spark wasps (Depths:3)
  A red draconian (Zot:2)
  A mottled draconian (Depths:5)
  A yellow draconian (Zot:1)
  11 ettins
  10 deep elf death magi
  6 merfolk javelineers (Shoals:4)
  11 fire dragons
  9 merfolk impalers
  4 eidola
  A minotaur (Lab)
  A green death (Depths:1)
  8 great orbs of eyes
  The ghost of ztj1141998 the Nimble, a journeyman DDBe of Trog (D:12)
  19 yaktaur captains
  5 deep elf high priests
  23 jiangshi
  26 vault guards
  5 hydras
  5 rakshasas
  17 ice dragons
  Harold (Lair:2)
  A hell beast (Depths:4)
  9 anacondas
  A catoblepas (Shoals:4)
  Fannar (Lair:2)
  14 naga warriors
  A merfolk aquamancer (Shoals:3)
  2 satyrs
  6 spriggan air magi
  2 anacondas (shapeshifter)
  5 death knights
  9 deep troll shamans
  6 merfolk avatars
  10 dancing weapons
  19 ogre magi
  10 centaur warriors
  A queen ant (Lair:5)
  8 naga sharpshooters
  3 vampire magi
  6 tengu warriors
  8 death yaks
  12 deep troll earth magi
  9 spriggan berserkers
  7 thrashing horrors (Abyss:2)
  Urug (D:12)
  4 shock serpents
  3 soul eaters (Depths:4)
  12 deep elf knights
  2 hell knights (Abyss:2)
  A wretched star (Abyss:2)
  3 sun demons
  3 salamander mystics
  27 skeletal warriors
  4 unseen horrors
  A fire crab (shapeshifter) (Depths:4)
  5 iron trolls
  8 shadow wraiths
  A gelid demonspawn (Depths:1)
  9 sea snakes
  7 giant orange brains
  2 starcursed masses (Abyss:2)
  8 naga ritualists
  An infernal demonspawn (Depths:3)
  A spark wasp zombie (Crypt:2)
  26 deep trolls
  A spectral hydra (Crypt:3)
  9 hill giants
  10 flayed ghosts
  A torturous demonspawn (Depths:1)
  A wizard (Depths:4)
  A hill giant (shapeshifter) (Vaults:5)
  A tengu zombie (Vaults:3)
  18 deep elf archers
  An orange crystal statue (Depths:1)
  7 phantasmal warriors
  2 obsidian statues
  11 ironbrand convokers
  A lindwurm (Lair:6)
  2 anaconda skeletons (Crypt:1)
  6 mana vipers
  An oklob plant (Lair:4)
  3 stone giant zombies
  A harpy (shapeshifter) (Vaults:2)
  A frost giant zombie (Crypt:1)
  9 griffons
  4 harpies (Shoals:4)
  16 orc knights
  77 deep elf magi
  4 fauns (Shoals:2)
  7 necromancers
  35 ugly things
  11 orc sorcerers
  2 hornets (shapeshifter)
  2 hornets
  A shadow dragon skeleton (Crypt:1)
  4 salamanders
  7 wolf spiders
  2 fire giant zombies
  8 cyclopes
  7 elephants
  6 sirens
  12 manticores
  A rust devil (Depths:3)
  3 worldbinders (Abyss:2)
  33 black mambas
  2 moths of wrath (Zot:1)
  6 torpor snails
  A frost giant skeleton (Crypt:2)
  A sixfirhy (Abyss:2)
  A fire giant skeleton (Crypt:2)
  2 human skeletons (Vaults:2)
  3 water nymphs
  6 guardian serpents
  3 orange demons
  A water nymph (shapeshifter) (Depths:1)
  18 vault sentinels
  A torpor snail (shapeshifter) (Elf:2)
  26 naga magi
  A spiny frog (shapeshifter) (Vaults:5)
  3 gargoyles
  2 smoke demons
  A hellion (Abyss:2)
  6 spiny frogs
  A dire elephant skeleton (Crypt:3)
  An efreet (D:15)
  2 rime drakes
  3 centaur skeletons
  68 yaktaurs
  8 komodo dragons
  9 freezing wraiths
  An ancient zyme (Elf:1)
  5 ice devils
  5 tengu conjurers
  39 merfolk
  A hydra zombie (Crypt:1)
  2 hellwings
  4 red devils
  A queen bee (shapeshifter) (Vaults:1)
  9 trolls
  31 two-headed ogres
  3 wind drakes
  A troll (shapeshifter) (Vaults:3)
  Grinder (D:6)
  6 polar bears
  6 boulder beetles
  A giant leech (Lair:6)
  A fire dragon zombie (Crypt:1)
  A blink frog (shapeshifter) (Vaults:1)
  3 blink frogs (Lair:5)
  3 snapping turtles (Shoals:1)
  2 ettin zombies (Crypt:1)
  21 slime creatures
  6 raiju (Abyss:2)
  A frost giant simulacrum (Vaults:3)
  50 flying skulls
  2 human simulacra (Vaults:4)
  A stone giant simulacrum (Vaults:3)
  9 air elementals
  A centaur simulacrum (D:14)
  2 fire giant simulacra
  An ice dragon skeleton (Crypt:2)
  A redback (Lab)
  13 water elementals
  An ettin skeleton (Vaults:2)
  10 shadows
  4 ynoxinuls (Abyss:2)
  4 spriggans
  15 large abominations
  2 spriggans (shapeshifter)
  3 wyverns
  3 fire elementals
  2 hogs (D:14)
  8 wraiths
  36 yaks
  2 basilisks
  A golden eye (shapeshifter) (Depths:1)
  A steam dragon (D:14)
  7 hungry ghosts
  3 golden eyes (Abyss:2)
  A chaos spawn (Depths:1)
  9 hippogriffs
  6 wargs
  4 mottled dragons
  55 nagas
  A faun zombie (Crypt:1)
  9 soldier ants (Lair:5)
  A soldier ant (shapeshifter) (Vaults:4)
  4 hell hounds
  2 water moccasins (shapeshifter)
  A giant eyeball (Depths:2)
  12 porcupines
  14 water moccasins
  27 orc warriors
  A spiny frog zombie (Crypt:1)
  2 ice beasts
  7 small abominations
  A gelid demonspawn skeleton (Crypt:1)
  An elephant zombie (Crypt:2)
  A sky beast (shapeshifter) (Depths:3)
  73 ogres
  5 sky beasts
  7 wasps
  An eye of draining (shapeshifter) (Depths:3)
  An eye of draining (D:9)
  A snapping turtle zombie (Crypt:2)
  An elf skeleton (Vaults:2)
  5 necrophages
  24 boggarts
  15 wolves
  11 crocodiles
  37 centaurs
  A torpor snail zombie (Crypt:1)
  A big kobold (shapeshifter) (Vaults:3)
  5 big kobolds
  17 giant frogs
  A wyvern zombie (D:14)
  A water moccasin zombie (D:11)
  A deep troll simulacrum (Vaults:3)
  A yaktaur skeleton (Crypt:2)
  4 earth elementals
  A boulder beetle zombie (Vaults:2)
  5 scorpions
  2 wyvern skeletons
  A water moccasin skeleton (D:9)
  A scorpion (shapeshifter) (Vaults:5)
  A troll zombie (Crypt:1)
  3 killer bees
  12 wights
  5 howler monkeys
  4 electric eels
  14 crimson imps
  7 centaur zombies
  A giant frog zombie (D:13)
  9 hounds
  3 quasits
  9 jellies
  A giant frog skeleton (D:5)
  22 orc priests
  2 iron imps
  Ijyb (D:3)
  41 worker ants
  6 iguanas
  40 orc wizards
  A killer bee zombie (D:10)
  8 sheep
  2 ogre zombies (Ossuary)
  A dwarf skeleton (Crypt:1)
  A hound zombie (D:9)
  2 hound skeletons
  7 mummies (Ossuary)
  A howler monkey zombie (D:7)
  A worker ant zombie (D:9)
  3 gnolls (D:8)
  13 adders
  17 river rats
  5 shadow imps
  5 white imps
  3 ufetubi (Abyss:2)
  2 oozes
  2 adder skeletons
  4 adder zombies (Ossuary)
  2 worms
  A dart slug (D:1)
  7 giant geckos
  82 orcs
  8 bats
  9 giant cockroaches
  2 gnoll zombies (Ossuary)
  11 goblins
  5 hobgoblins
  17 jackals
  31 kobolds
  6 quokkas
  A ball python (D:4)
  5 giant newts
  A giant newt skeleton (Crypt:2)
  A goblin skeleton (Crypt:2)
  5 goblin zombies (Ossuary)
  A hobgoblin zombie (Ossuary)
  A jackal skeleton (D:9)
  A jackal zombie (D:6)
  5 kobold zombies (Ossuary)
  A quokka skeleton (D:4)
  5 quokka zombies
  5 rats
  4 rat zombies (Ossuary)
  2 crawling corpses (Elf:3)
  A fungus (Lair:6)
  5 plants
  5 tentacles (Shoals:1)
2378 creatures vanquished.

Vanquished Creatures (collateral kills)
  An ancient lich (Vaults:4)
  Sojobo (Crypt:2)
  Nikola (Depths:2)
  2 bone dragons
  An electric golem (Zot:2)
  2 tentacled monstrosities (Vaults:5)
  Rupert (Lair:3)
  A titan (Vaults:4)
  A quicksilver dragon (Depths:3)
  A tentacled starspawn (Abyss:2)
  Agnes (Snake:3)
  2 storm dragons
  A tengu reaver (Vaults:5)
  Kirke (D:14)
  A shadow dragon (Vaults:5)
  6 greater nagas
  A fire giant (Depths:4)
  3 vault wardens
  A deep elf sorcerer (Vaults:5)
  3 ironheart preservers
  3 very ugly things
  A draconian shifter (Zot:1)
  2 entropy weavers (Lair:5)
  A juggernaut skeleton (Crypt:1)
  2 purple draconians (Zot:1)
  Azrael (D:14)
  A red draconian (Depths:5)
  A mottled draconian (Zot:1)
  An eidolon (Crypt:2)
  2 great orbs of eyes
  A merfolk impaler (Shoals:4)
  7 vault guards (Vaults:4)
  3 hydras
  3 ice dragons
  5 naga warriors
  A deep elf high priest (Depths:5)
  An alligator (shapeshifter) (Vaults:5)
  A tengu warrior (Depths:4)
  2 anacondas
  2 deep troll earth magi
  3 death yaks
  An ogre mage (Vaults:4)
  2 naga sharpshooters
  A shock serpent (Snake:1)
  A hell knight (Crypt:3)
  6 skeletal warriors
  An iron troll (Depths:1)
  2 naga ritualists
  An anaconda zombie (Crypt:2)
  2 deep trolls
  2 ironbrand convokers
  A hill giant (D:14)
  A lindwurm (Lair:6)
  A phantasmal warrior (Vaults:4)
  A necromancer (Crypt:2)
  A griffon (Vaults:1)
  A mana viper (Snake:1)
  An ugly thing (Depths:4)
  An elephant (Lair:4)
  4 salamanders
  A guardian serpent (Snake:2)
  9 black mambas
  A vault sentinel (Vaults:4)
  7 naga magi
  2 torpor snails (Lair:6)
  2 spiny frogs
  A rime drake (Lair:5)
  6 yaktaurs
  An ancient zyme (Abyss:2)
  A komodo dragon (Lair:6)
  2 two-headed ogres
  2 giant leeches (Lair:6)
  A merfolk (Shoals:4)
  A raiju (Abyss:2)
  A boulder beetle (Lair:5)
  2 flying skulls
  3 water elementals (Depths:5)
  2 ynoxinuls (Abyss:2)
  A fire elemental (D:14)
  4 yaks
  A hog (D:14)
  A hippogriff (Lair:4)
  A warg (D:14)
  12 nagas
  2 soldier ants (Lair:5)
  A water moccasin (Lair:5)
  4 wasps (Lair:6)
  2 orc warriors (Orc:2)
  A wolf (Lair:6)
  A boggart (Depths:3)
  4 ogres
  2 howler monkeys (D:14)
  A crimson imp (D:14)
  An orc wizard (Orc:2)
  A sheep (Lair:5)
  5 river rats
  A scorpion zombie (Crypt:1)
  A white imp (Depths:3)
  3 orcs
  2 plants (Depths:5)
204 creatures vanquished.

Vanquished Creatures (others)
  A fire giant (Depths:4)
  A deep elf elementalist (Vaults:5)
  An ettin (Vaults:5)
  A deep elf high priest (Elf:3)
  A deep elf knight (Elf:1)
  A deep elf mage (Elf:1)
  3 two-headed ogres
  A boulder beetle (D:2)
  A yak (D:14)
  A centaur (D:14)
  3 orc wizards (Orc:2)
  A small abomination (Abyss:2)
  A sheep (D:15)
  2 bushes
  25 fungi
  A lurking horror (Abyss:2)
  9 plants
  9 tentacles (Shoals:1)
  558 tentacle segments (Shoals:1)
621 creatures vanquished.

Grand Total: 3203 creatures vanquished

Notes
Turn   | Place    | Note
-------+----------+-------------------------------------------
     0 | D:1      | FitzyFitz the Merfolk Ice Elementalist began the quest for the Orb.
     0 | D:1      | Reached XP level 1. HP: 13/13 MP: 3/3
   224 | D:1      | Reached XP level 2. HP: 18/19 MP: 3/5
   641 | D:1      | Reached XP level 3. HP: 6/24 MP: 2/6
  1375 | D:1      | Learned a level 3 spell: Ozocubu's Armour
  1744 | D:2      | Reached skill level 5 in Ice Magic
  1777 | D:2      | Reached XP level 4. HP: 24/31 MP: 7/7
  1838 | D:2      | Reached skill level 1 in Polearms
  1890 | D:2      | Reached skill level 1 in Fighting
  1890 | D:2      | Reached skill level 1 in Charms
  2040 | D:2      | Found an oddly glowing altar of Pakellas.
  2042 | D:2      | Noticed a boulder beetle
  2057 | D:2      | Killed a boulder beetle
  2274 | D:3      | Noticed Ijyb
  2297 | D:3      | Killed Ijyb
  2526 | D:3      | Reached XP level 5. HP: 38/38 MP: 1/8
  3568 | D:4      | Found a sand-covered staircase.
  3585 | Ossuary  | Entered an ossuary
  3784 | Ossuary  | Reached XP level 6. HP: 21/45 MP: 7/9
  4720 | Ossuary  | Reached XP level 7. HP: 51/51 MP: 8/10
  4761 | Ossuary  | Reached skill level 5 in Polearms
  4953 | D:4      | Reached skill level 5 in Dodging
  5870 | D:3      | Found a shattered altar of Ashenzari.
  5915 | D:3      | Became a worshipper of Ashenzari the Shackled
  6102 | D:5      | Entered Level 5 of the Dungeon
  6120 | D:5      | Found Buptov's Antique Armour Emporium.
  6126 | D:5      | Bought a heavy robe for 119 gold pieces
  6137 | D:5      | Identified the cursed +1 robe of Paem {rF+ Int+4} (You bought it in a shop on level 5 of the Dungeon)
  6378 | D:5      | Found an opulent altar of Gozag.
  6380 | D:5      | Found a staircase to the Ecumenical Temple.
  6394 | Temple   | Entered the Ecumenical Temple
  6645 | D:5      | Found a stormy altar of Qazlal.
  6736 | D:5      | Learned a level 4 spell: Throw Icicle
  7031 | D:6      | Reached XP level 8. HP: 54/60 MP: 2/11
  7361 | D:6      | Noticed Grinder
  7387 | D:6      | Killed Grinder
  7754 | D:7      | Reached skill level 5 in Fighting
  8252 | D:7      | Reached * piety under Ashenzari
  8925 | D:7      | Reached XP level 9. HP: 59/69 MP: 7/12
 10363 | D:9      | Reached skill level 10 in Polearms
 10481 | D:9      | Reached XP level 10. HP: 46/79 MP: 11/13
 10485 | D:9      | Reached skill level 10 in Dodging
 10750 | D:9      | Reached skill level 5 in Stealth
 11396 | D:9      | Reached skill level 1 in Armour
 11476 | D:9      | Learned a level 4 spell: Summon Ice Beast
 11493 | D:10     | Entered Level 10 of the Dungeon
 11648 | D:10     | Found a staircase to the Lair.
 12231 | D:10     | Reached XP level 11. HP: 76/87 MP: 14/14
 12392 | D:10     | Reached ** piety under Ashenzari
 12555 | Lair:1   | Entered Level 1 of the Lair of Beasts
 13679 | Lair:2   | Noticed Harold
 13685 | Lair:2   | Noticed Fannar
 13811 | Lair:2   | Found a staircase to the Snake Pit.
 13965 | D:11     | Noticed a brown ugly thing
 14450 | Lair:1   | Learned a level 1 spell: Summon Butterflies
 14509 | Lair:2   | Noticed a death yak
 14524 | Lair:2   | Killed a death yak
 14524 | Lair:2   | Reached skill level 10 in Fighting
 14701 | Lair:3   | Noticed an oklob plant
 14823 | Lair:3   | Noticed Rupert
 14884 | Lair:3   | Reached XP level 12. HP: 91/98 MP: 11/15
 14912 | Lair:3   | Noticed an eight-headed hydra
 14927 | Lair:3   | Killed an eight-headed hydra
 15164 | Lair:2   | Reached *** piety under Ashenzari
 15166 | Lair:2   | Killed Fannar
 15210 | Lair:2   | Killed Harold
 15210 | Lair:2   | Reached skill level 1 in Summonings
 15328 | Lair:2   | Found a staircase to the Shoals.
 15514 | Lair:2   | Reached skill level 2 in Summonings
 15923 | Lair:4   | Noticed a six-headed hydra
 15938 | Lair:4   | Noticed a five-headed hydra
 16148 | Lair:4   | Noticed a death yak
 16148 | Lair:4   | Noticed a death yak
 16149 | Lair:4   | Noticed a death yak
 16149 | Lair:4   | Noticed a death yak
 16369 | Lair:3   | Reached skill level 3 in Summonings
 16398 | Lair:3   | Got the uncursed scale mail "Nymung" {Dex+4}
 16420 | Lair:3   | Identified the +3 scale mail "Nymung" {Dex+4} (You found it on level 3 of the Lair of Beasts)
 16577 | Lair:5   | Found a staircase to the Slime Pits.
 16578 | Lair:5   | Found a viscous altar of Jiyva.
 16890 | Lair:5   | Noticed a queen ant
 16890 | Lair:5   | Noticed an entropy weaver
 16890 | Lair:5   | Noticed an entropy weaver
 16900 | Lair:5   | Noticed a four-headed hydra
 16936 | Lair:4   | Reached skill level 4 in Summonings
 17032 | Lair:4   | Killed a six-headed hydra
 17032 | Lair:4   | Reached skill level 1 in Conjurations
 17515 | Lair:3   | Killed Rupert
 18062 | Lair:4   | Killed a five-headed hydra
 18062 | Lair:4   | Reached XP level 13. HP: 106/106 MP: 5/17
 18111 | Lair:4   | Found a white marble altar of Elyvilon.
 18328 | Lair:3   | Reached skill level 5 in Summonings
 18577 | Lair:5   | Got the uncursed pair of boots of Elyvilon's Envy {rPois}
 18589 | Lair:5   | Identified the +1 pair of boots of Elyvilon's Envy {rPois} (You found it on level 5 of the Lair of Beasts)
 18730 | Lair:5   | Killed an entropy weaver
 18982 | Lair:4   | Reached skill level 10 in Ice Magic
 19249 | Lair:4   | Reached **** piety under Ashenzari
 19594 | Lair:5   | Reached skill level 1 in Evocations
 20035 | Lair:5   | Reached skill level 5 in Spellcasting
 20062 | Lair:5   | Got the uncursed robe "Ychu" {rN+}
 20228 | Lair:6   | Entered Level 6 of the Lair of Beasts
 20288 | Lair:6   | Upgraded the game from 0.19-a0-1051-gdb7e7f8 to 0.19-a0-1058-g5566a1a
 20414 | Lair:5   | Killed an entropy weaver
 21398 | Lair:6   | Reached XP level 14. HP: 100/113 MP: 4/22
 21541 | Lair:6   | Reached skill level 5 in Armour
 22160 | Lair:6   | Found a runed door.
 22601 | Lair:6   | Identified the +2 robe "Ychu" {rN+} (You found it on level 5 of the Lair of Beasts)
 23100 | Lair:1   | Learned a level 5 spell: Aura of Abjuration
 23106 | Lair:1   | Learned a level 5 spell: Summon Mana Viper
 23151 | D:11     | Got the cursed plate armour of Togoerr {+Blink rElec rCorr Int+3}
 23380 | D:11     | Found Viguzo's Armour Boutique.
 23538 | D:12     | Identified the cursed +3 war axe of Responsibility {chop, rPois Str+2}
 23558 | D:12     | Noticed Urug
 23558 | D:12     | Found a staircase to the Orcish Mines.
 23572 | D:12     | Noticed ztj1141998's ghost (journeyman DDBe)
 23867 | D:12     | Found a shadowy altar of Dithmenos.
 24015 | D:12     | Found Ekennopa's Assorted Antiques.
 24020 | D:12     | Bought a scroll of enchant armour for 247 gold pieces
 24052 | D:12     | Reached skill level 1 in Hexes
 24229 | D:12     | Killed Urug
 24602 | D:12     | Reached ***** piety under Ashenzari
 24668 | Orc:1    | Entered Level 1 of the Orcish Mines
 25428 | Orc:1    | Reached skill level 6 in Summonings
 25679 | Orc:1    | Found a burning altar of Makhleb.
 25970 | Orc:2    | Entered Level 2 of the Orcish Mines
 25970 | Orc:2    | Found a staircase to the Elven Halls.
 25992 | Orc:2    | Found Wopuo's Magic Scroll Shoppe.
 26049 | Orc:2    | Bought a scroll of identify for 28 gold pieces
 26049 | Orc:2    | Bought a scroll of remove curse for 42 gold pieces
 26049 | Orc:2    | Bought a scroll of remove curse for 42 gold pieces
 26049 | Orc:2    | Bought a scroll of identify for 28 gold pieces
 26049 | Orc:2    | Bought a scroll of silence for 105 gold pieces
 26049 | Orc:2    | Bought a scroll of identify for 28 gold pieces
 26049 | Orc:2    | Bought a scroll of teleportation for 42 gold pieces
 26049 | Orc:2    | Bought a scroll of identify for 28 gold pieces
 26090 | Orc:2    | Found Boxu's Magic Scroll Emporium.
 26098 | Orc:2    | Bought a scroll of identify for 22 gold pieces
 26098 | Orc:2    | Bought a scroll of identify for 22 gold pieces
 26098 | Orc:2    | Bought a scroll of remove curse for 33 gold pieces
 26098 | Orc:2    | Bought a scroll of remove curse for 33 gold pieces
 26249 | Orc:2    | Found Ciask's Antique Weapon Shoppe.
 26402 | Orc:1    | Reached XP level 15. HP: 108/120 MP: 24/24
 26695 | Orc:2    | Found Zexuner's Gadget Shoppe.
 26786 | Orc:2    | Found a roughly hewn altar of Beogh.
 27430 | Orc:2    | Found Lisabidi's Magic Scroll Boutique.
 27448 | Orc:2    | Found Eliotz's Gadget Shop.
 27485 | Orc:2    | Found a radiant altar of Vehumet.
 27526 | Orc:2    | Found an ancient bone altar of Kikubaaqudgha.
 27668 | Orc:2    | Found Ole Lopn's Gadget Shop.
 27744 | Orc:2    | Found a roughly hewn altar of Beogh.
 27744 | Orc:2    | Found Daeppud's Antique Armour Shop.
 27747 | Orc:2    | Reached skill level 7 in Summonings
 28224 | D:13     | Identified the cursed +1 plate armour of Togoerr {+Blink rElec rCorr Int+3} (You found it on level 11 of the Dungeon)
 28410 | D:13     | Found a gate to the Vaults.
 29179 | Snake:1  | Entered Level 1 of the Snake Pit
 29234 | Snake:1  | Found a blossoming altar of Fedhas.
 29974 | Shoals:1 | Entered Level 1 of the Shoals
 29974 | Shoals:1 | Noticed a kraken
 30229 | D:11     | Bought a quicksilver dragon armour for 1020 gold pieces
 30330 | Elf:1    | Entered Level 1 of the Elven Halls
 30365 | Elf:1    | Reached skill level 15 in Dodging
 30822 | Elf:1    | Noticed a deep elf sorcerer
 30830 | Elf:1    | Cast into level 2 of the Abyss (a deep elf sorcerer)
 30837 | Abyss:2  | Found a corrupted altar of Lugonu.
 31807 | Abyss:2  | Reached XP level 16. HP: 104/129 MP: 19/25
 32099 | Abyss:2  | Found a corrupted altar of Lugonu.
 32198 | Abyss:2  | Noticed a bone dragon
 32345 | Abyss:2  | Noticed a tentacled starspawn
 32366 | Abyss:2  | Killed a tentacled starspawn
 32366 | Abyss:2  | Reached skill level 10 in Stealth
 32369 | Elf:1    | Escaped the Abyss
 32522 | D:12     | Killed ztj1141998's ghost
 33472 | Snake:1  | Reached skill level 1 in Shields
 34699 | Snake:2  | Noticed a greater naga
 34710 | Snake:2  | Killed a greater naga
 34813 | Snake:2  | Noticed a greater naga
 34840 | Snake:2  | Killed a greater naga
 35604 | Snake:2  | Noticed a greater naga
 35611 | Snake:2  | Killed a greater naga
 36307 | Snake:3  | Noticed a greater naga
 36583 | Snake:3  | Killed a greater naga
 36605 | Snake:3  | Learned a level 3 spell: Regeneration
 36955 | Snake:3  | Noticed Agnes
 36964 | Snake:3  | Killed Agnes
 37535 | Snake:3  | Reached skill level 15 in Polearms
 38146 | D:14     | Found a labyrinth entrance.
 38154 | Lab      | Entered a labyrinth
 38498 | Lab      | Reached ****** piety under Ashenzari
 38512 | Lab      | Found an exit through the horrors of the Abyss.
 38579 | Lab      | Identified the +1 rapier "Conservator" {pierce, rC+ MP+9}
 38587 | Lab      | Got the uncursed scale mail of Onar {-Tele rElec MP+9 Str+8}
 38604 | Lab      | Identified the +0 scale mail of Onar {-Tele rElec MP+9 Str+8} (You took it off a minotaur in a labyrinth)
 38960 | D:14     | Noticed Roxanne
 38976 | D:14     | Killed Roxanne
 38994 | D:14     | Identified Roxanne's Volume of Shape Shifting (You took it off Roxanne on level 14 of the Dungeon)
 39073 | D:14     | Reached XP level 17. HP: 119/137 MP: 24/26
 39417 | D:14     | Noticed Kirke
 39502 | D:14     | Killed Kirke
 39509 | D:14     | Noticed Azrael
 39893 | D:14     | Killed Azrael
 40333 | Snake:4  | Entered Level 4 of the Snake Pit
 40836 | Snake:4  | Found a radiant altar of Vehumet.
 41191 | Snake:4  | Found Qucof's Armour Boutique.
 43469 | Snake:4  | Reached XP level 18. HP: 144/144 MP: 9/27
 43633 | Snake:4  | Reached skill level 1 in Necromancy
 44507 | Snake:4  | Got a serpentine rune of Zot
 45102 | Vaults:1 | Entered Level 1 of the Vaults
 45102 | Vaults:1 | Found Omacsyza's Distillery.
 45488 | Vaults:1 | Reached skill level 15 in Fighting
 46506 | Vaults:1 | Noticed Donald
 46516 | Vaults:1 | Killed Donald
 46710 | Vaults:1 | Identified the ring of Afug {+Inv Str+2 Dex+6}
 47272 | Vaults:2 | Reached XP level 19. HP: 151/161 MP: 28/28
 49197 | Vaults:2 | Learned a level 1 spell: Apportation
 49200 | Vaults:2 | Learned a level 2 spell: Blink
 49390 | Vaults:3 | Reached skill level 1 in Translocations
 49621 | Vaults:3 | Reached skill level 8 in Summonings
 49859 | Vaults:3 | Found a staircase to the Crypt.
 50315 | Vaults:3 | Reached skill level 9 in Summonings
 50696 | Vaults:3 | Paralysed by a great orb of eyes for 2 turns
 51027 | Vaults:3 | Reached XP level 20. HP: 123/175 MP: 29/29
 51217 | Vaults:4 | Found a portal to a secret trove of treasure.
 52147 | Vaults:4 | Found Elinor's General Store.
 52153 | Vaults:4 | Bought a scroll of identify for 34 gold pieces
 52153 | Vaults:4 | Bought a scroll of brand weapon for 340 gold pieces
 53989 | Shoals:2 | Noticed Jorgrun
 54058 | Shoals:2 | Killed Jorgrun
 54458 | Shoals:2 | Reached skill level 10 in Armour
 55118 | Shoals:3 | Reached XP level 21. HP: 126/182 MP: 27/30
 55343 | Shoals:4 | Entered Level 4 of the Shoals
 55367 | Shoals:4 | Noticed Ilsuiw
 55367 | Shoals:4 | Noticed Polyphemus
 55417 | Shoals:4 | Killed Ilsuiw
 55425 | Shoals:4 | Killed Polyphemus
 56008 | Shoals:4 | Found an opulent altar of Gozag.
 56183 | Shoals:4 | Identified the cursed -2 pair of gloves of Soemi {-Tele rC+++ MR+ Str+3}
 56323 | Shoals:4 | Got a barnacled rune of Zot
 56671 | D:15     | Entered Level 15 of the Dungeon
 56994 | D:15     | Found a staircase to the Depths.
 57281 | Depths:1 | Entered Level 1 of the Depths
 57370 | Depths:1 | Found a gateway to a ziggurat.
 57886 | Depths:1 | Found a gateway to Hell.
 58058 | Depths:1 | Reached skill level 5 in Translocations
 58123 | Depths:1 | Noticed the Enchantress
 58144 | Depths:1 | Killed the Enchantress
 58144 | Depths:1 | Identified the +0 faerie dragon armour {rPois Str-4 Int+4 Stlth+} (You took it off the Enchantress on level 1 of the Depths)
 59145 | Depths:1 | Found a one-way gate leading to the halls of Pandemonium.
 59242 | Depths:1 | Reached XP level 22. HP: 174/192 MP: 27/33
 59620 | Depths:2 | Noticed Nikola
 59636 | Depths:2 | Killed Nikola
 59702 | Depths:2 | Found Setir's Gadget Emporium.
 59712 | Depths:2 | Found Azijiry's Magic Scroll Shoppe.
 59724 | Depths:2 | Bought a scroll of remove curse for 51 gold pieces
 59724 | Depths:2 | Bought 3 scrolls of blinking for 382 gold pieces
 59724 | Depths:2 | Bought a scroll of blinking for 127 gold pieces
 59724 | Depths:2 | Bought a scroll of enchant armour for 127 gold pieces
 59724 | Depths:2 | Bought a scroll of enchant armour for 127 gold pieces
 59724 | Depths:2 | Bought a scroll of remove curse for 51 gold pieces
 59724 | Depths:2 | Bought a scroll of identify for 34 gold pieces
 59724 | Depths:2 | Bought a scroll of fog for 34 gold pieces
 59819 | Depths:2 | Found a runed door.
 59825 | Depths:2 | Identified the +6 broad axe of Doom {drain, Dex+3}
 59828 | Depths:2 | Found a runed door.
 59831 | Depths:2 | Found a runed door.
 59852 | Depths:2 | Noticed a caustic shrike
 59852 | Depths:2 | Noticed a juggernaut
 59861 | Depths:2 | Found a runed door.
 61143 | Depths:3 | Reached skill level 10 in Translocations
 61315 | Depths:3 | Identified the +2 hand axe "Adaugg" {drain, rPois rC- rN+}
 62051 | Lair:1   | Learned a level 7 spell: Summon Hydra
 62253 | Orc:2    | Bought a scroll of summoning for 161 gold pieces
 62984 | Elf:1    | Upgraded the game from 0.19-a0-1058-g5566a1a to 0.19-a0-1065-gdac414d
 63091 | Elf:1    | Found Goax's Magic Scroll Shop.
 63097 | Elf:1    | Identified the ring of Giucwox {+Fly rElec rF+ Str-5} (You took it off a deep elf mage on level 1 of the Elven Halls)
 63120 | Elf:1    | Bought a scroll of enchant armour for 142 gold pieces
 63359 | Elf:2    | Found a huge runed gate.
 63359 | Elf:2    | Found a huge runed gate.
 63359 | Elf:2    | Found a huge runed gate.
 63359 | Elf:2    | Found a huge runed gate.
 63362 | Elf:2    | Found a huge runed gate.
 63395 | Elf:2    | Reached skill level 10 in Summonings
 63532 | Elf:2    | Noticed Deeps's ghost (journeyman MiFi)
 63557 | Elf:2    | Killed Deeps's ghost
 63646 | Elf:2    | Found a radiant altar of Vehumet.
 63964 | Elf:3    | Entered Level 3 of the Elven Halls
 64113 | Elf:3    | Reached skill level 11 in Summonings
 64837 | Elf:3    | Reached XP level 23. HP: 150/198 MP: 31/35
 64854 | Elf:3    | Identified the ring of Moennotass {rCorr *Confuse Int+8 Dex+7} (You took it off a deep elf knight on level 3 of the Elven Halls)
 64910 | Elf:3    | Reached skill level 12 in Summonings
 64959 | Elf:3    | Identified the ring of Caohof {rCorr Str+2} (You took it off a deep elf sorcerer on level 3 of the Elven Halls)
 65055 | Elf:3    | Identified the cursed +0 scythe of Articulation {freeze, *Confuse rF+ rN+ Int+2} (You took it off a deep elf mage on level 3 of the Elven Halls)
 65163 | Elf:3    | Reached skill level 13 in Summonings
 65187 | Elf:3    | Identified the +6 short sword "Daim" {vamp, Dex+2 SInv} (You took it off a deep elf mage on level 3 of the Elven Halls)
 65215 | Elf:3    | Identified the ring of Honesty {SustAt rC+ rN+} (You took it off a deep elf archer on level 3 of the Elven Halls)
 65543 | Elf:3    | Identified a +0 pair of boots of running
 65554 | Elf:3    | Identified the Incunabulum of the Supportive Mountains
 65811 | Orc:2    | Bought 2 scrolls of recharging for 323 gold pieces
 65811 | Orc:2    | Bought a scroll of recharging for 161 gold pieces
 66017 | Lair:1   | Learned a level 6 spell: Shadow Creatures
 66399 | Depths:2 | Killed a caustic shrike
 66399 | Depths:2 | Reached skill level 14 in Summonings
 66541 | Depths:2 | Killed a juggernaut
 66919 | Depths:3 | Reached skill level 15 in Summonings
 68198 | Depths:4 | Found a one-way gate to the infinite horrors of the Abyss.
 68248 | Depths:4 | Reached XP level 24. HP: 199/205 MP: 33/35
 68796 | Depths:4 | Reached skill level 16 in Summonings
 68920 | Depths:4 | Reached skill level 15 in Stealth
 70198 | Depths:5 | Entered Level 5 of the Depths
 70422 | Depths:5 | Reached skill level 17 in Summonings
 71134 | Depths:5 | Found a gate to the Realm of Zot.
 71810 | Depths:4 | Reached skill level 18 in Summonings
 72341 | Lair:1   | Learned a level 9 spell: Dragon's Call
 72507 | Elf:1    | Bought a scroll of remove curse for 57 gold pieces
 72803 | Vaults:5 | Entered Level 5 of the Vaults
 72805 | Vaults:5 | Noticed Jory
 73080 | Vaults:4 | Reached XP level 25. HP: 169/212 MP: 25/36
 73699 | Vaults:4 | Killed Jory
 73773 | Vaults:5 | Reached skill level 19 in Summonings
 73844 | Vaults:5 | Cast into level 2 of the Abyss (a deep elf sorcerer)
 74428 | Vaults:5 | Escaped the Abyss
 75253 | Vaults:5 | Identified the +7 short sword of Jiuwes {flame, +Blink rF++ MR-}
 75259 | Vaults:5 | Reached skill level 20 in Summonings
 75639 | Vaults:5 | Got the uncursed large shield of Untruth {rN+ Stlth+}
 75905 | Vaults:5 | Noticed an ancient lich
 76099 | Vaults:5 | Paralysed by an ancient lich for 2 turns
 76111 | Vaults:4 | Killed an ancient lich
 76326 | Vaults:4 | Reached skill level 21 in Summonings
 76776 | Vaults:5 | Identified the +5 hunting sling of Tifo {venom, rF+}
 76996 | Vaults:5 | Identified the cursed +1 war axe of Noon {chop, Int+3 Dex+6}
 77316 | Vaults:5 | Reached XP level 26. HP: 139/219 MP: 34/36
 77368 | Vaults:5 | Identified the +5 short sword of Cemedenk {drain, Str+2}
 77461 | Vaults:5 | Got a silver rune of Zot
 77614 | Vaults:5 | Learned a level 2 spell: Swiftness
 78387 | Crypt:1  | Entered Level 1 of the Crypt
 78555 | Crypt:1  | Reached skill level 22 in Summonings
 78607 | Crypt:1  | Noticed Aizul
 78641 | Crypt:1  | Killed Aizul
 79326 | Crypt:2  | Identified the ring of Ilaoquma {rC+ rN+ Str-4 Stlth+}
 80071 | Crypt:3  | Entered Level 3 of the Crypt
 80071 | Crypt:3  | Noticed Sojobo
 80094 | Crypt:2  | Killed Sojobo
 80332 | Crypt:2  | Identified the cursed +1 scale mail of Sunlight {Int+4} (You took it off a deep elf high priest on level 3 of the Elven Halls)
 80332 | Crypt:2  | Identified the +2 robe of the Jackalope {rPois Str+3} (You found it on level 5 of the Vaults)
 80636 | Crypt:3  | Reached skill level 23 in Summonings
 80993 | Crypt:3  | Found a basalt altar of Yredelemnul.
 81573 | Crypt:3  | Reached skill level 10 in Spellcasting
 82073 | Crypt:3  | Learned a level 7 spell: Malign Gateway
 82477 | Crypt:3  | Reached XP level 27. HP: 174/226 MP: 36/38
 82620 | Crypt:3  | Identified the ring of Moshrel {rC+ rN+ MP+9} (You took it off a skeletal warrior on level 3 of the Crypt)
 82674 | Crypt:3  | Identified the ring of Toyj {-Tele rN+ Str+5 Slay+3 SInv} (You took it off a skeletal warrior on level 3 of the Crypt)
 82700 | Crypt:3  | Found a staircase to the Tomb.
 83139 | Lair:1   | Learned a level 8 spell: Controlled Blink
 83173 | Lair:1   | Upgraded the game from 0.19-a0-1065-gdac414d to 0.19-a0-1068-g99dd0f4
 83531 | Zot:1    | Entered Level 1 of the Realm of Zot
 83705 | Zot:1    | Noticed an orb of fire
 83717 | Zot:1    | Gained mutation: You regenerate slowly when monsters are visible. [an orb of fire]
 83718 | Zot:1    | Killed an orb of fire
 85074 | Zot:2    | Mangled by a death cob

Vault maps used:
D:1:      wheals_arrival_linesprint, serial_park_tiny_1
D:2:      gammafunk_pakellas_spire_experiment
D:3:      kb_forest_paths, evilmike_ruin_ashenzari, uniq_iyjb
D:4:      first_bread, nicolae_ossuary_entry_false_entrances
D:5:      serial_shops, shop, basic_altar, nicolae_qazlal_eye_of_the_storm
D:6:      dk_noncrumbling_4, uniq_grinder
D:7:      serial_glass, glass_columns_a, glass_columns_b
D:9:      blue_anna_alchemist
D:10:     david_lair_shrubbed, kennysheep_generic_room_6
D:11:     serial_shops, shop
D:12:     orc_david_3, basic_altar, serial_shops, shop, uniq_urug
D:13:     david_vaults_2
D:14:     lab_entry_generic, minivault_22, minmay_misc_feat_encased,
          grunt_potential, uniq_kirke, uniq_azrael, uniq_roxanne
D:15:     grunt_enter_depths_snipers, serial_bayou_ford_a, lemuel_old_faithful
Temple:   kilobyte_greek_temple
Lair:1:   minivault_23, infiniplex_staircase_pool_2, grunt_megastairs_3
Lair:2:   minmay_shoals_entry_lonely_mermaid, guppyfry_snake_entry_garden,
          uniq_harold, uniq_fannar
Lair:3:   gammafunk_lair_bear_cave, minivault_25, minmay_lair_oklob_bushes,
          uniq_rupert
Lair:4:   serial_bayou_pond_b, bh_chokoban, lemuel_oklob_altar,
          lemuel_fruit_fields
Lair:5:   slime_altar_1, minmay_another_anthill
Lair:6:   wormcave, minivault_24
Shoals:2: cheibrodos_shoals_oceanic_diplomacy, uniq_jorgrun
Shoals:4: shoals_end_hangedman, shoals_ilsuiw_alternative, lemuel_centaur_altar,
          uniq_polyphemus
Snake:1:  basic_altar
Snake:3:  grunt_ministairs_10, guppyfry_library_mini, lemuel_fruit_tree,
          uniq_agnes
Snake:4:  johnstein_snake_rune_scales, basic_altar, serial_shops, shop_statue
Orc:1:    minmay_goldmine, basic_altar, elves_outpost_lemuel
Orc:2:    kennysheep_orc_mage_school, serial_shops, shop,
          nicolae_shop_temple_entry_statues_fountains, shop, shop,
          minmay_orc_temple_a
Elf:1:    eino_elf_arrival_customs, serial_shops, shop_scrolls,
          minmay_elf_crystal_hexagon
Elf:2:    basic_altar, nicolae_elf_big_sculpture_3
Elf:3:    minmay_elf_hall_spiked
Vaults:1: v_rooms_2, vaults_room_hallway, vaults_room_ringed_pool,
          ontoclasm_vaults_ring_square, v_rooms_4, v_alt_pattern_4, v_misc_15,
          ontoclasm_vaults_loading_screen, nicolae_vaults_quadrants,
          ontoclasm_vaults_gateway, v_misc_27, ontoclasm_vaults_spin,
          nicolae_vaults_specimen_jars, nicolae_vaults_mini_display_case,
          serial_shops, nicolae_shop_waterfront, uniq_donald
Vaults:2: nicolae_vaults_network_quinsquares, v_rooms_6, v_misc_10,
          ontoclasm_vaults_chip, vaults_room_pools,
          nicolae_vaults_yaktaur_gun_rack, nicolae_vaults_statue_guard
Vaults:3: hangedman_vaults_maws, minmay_crypt_entry_simple_walls, v_misc_8,
          hangedman_vaults_corner, vaults_standard_mumra_x, v_pattern_3
Vaults:4: nicolae_vaults_little_squares_4, vaults_mumra_minichess,
          nicolae_vaults_inception_statues, v_misc_5,
          nicolae_vaults_inception_scallops, grunt_vaults_swirl, v_misc_3,
          serial_ice_g, serial_ice_h, vaults_dpeg_hooks, v_misc_11,
          serial_shops, shop, nicolae_trove_entry_crossroad
Vaults:5: uniq_jory
Crypt:1:  uniq_aizul
Crypt:2:  st_stairs_9
Crypt:3:  grunt_crypt_end_deaths_head, uniq_sojobo
Depths:1: minmay_shrinking_squares, enter_ziggurat_d, hangedman_coc_ice_floe,
          roderic_greek_sauvastika, rand_demon_pan_entry_4, minivault_11,
          dpeg_stationary_puzzle, uniq_enchantress
Depths:2: impenetrable_vault, hellmouth_1, hangedman_decor_growths,
          minmay_shoptagon, infiniplex_staircase_diamond, uniq_nikola
Depths:3: kennysheep_ambush_hall, grunt_pan_entry_zigzag, hell_entry,
          lemuel_nasty_fountain
Depths:4: minmay_box_of_statues, hangedman_abyss_entry_splay,
          minmay_misc_feat_tiny, grunt_hell_entry_demonic_statue,
          minmay_tree_intersection
Depths:5: grunt_zot_entry_tricorne, abyss_entry, minmay_misc_feat_pillars,
          hell_entry, small_chamber_with_monster, serial_bayou_shore_a
Zot:1:    nicolae_zot_stationary_front, grunt_ministairs_6
Zot:2:    st_single_dragon_hoard_3, grunt_megastairs_4
Lab:      labyrinth_watery, lab_block, nicolae_lab_t_cross, nicolae_lab_stuck,
          nicolae_lab_flowing_pool
Ossuary:  ossuary_boxes_badplayer

Skill      XL: |  1  2  3  4  5  6  7  8  9 10 11 12 13 14 15 16 17 18 19 20 21 22 23 24 25 26 27 |
---------------+----------------------------------------------------------------------------------+-----
Ice Magic      | 4 5 7 9 11 12 13 | 13.0
Polearms       | 1 3 4 6 8 10 11 13 16 21 | 21.4
Fighting       | 1 2 3 5 7 8 10 11 12 13 17 19 20 | 20.7
Charms         | 1 2 3 4 |  4.1
Dodging        | 3 4 6 8 9 11 12 13 14 15 16 18 19 20 | 20.1
Stealth        | 4 6 7 9 11 14 17 | 17.0
Armour         | 2 3 4 6 7 10 11 | 11.1
Summonings     | 4 5 6 7 9 11 15 18 21 23 | 23.7
Conjurations   | 2 |  2.9
Spellcasting   | 3 5 6 7 8 9 11 12 | 12.2
Evocations     | 3 4 |  4.2
Hexes          | 1 2 |  2.3
Shields        | 4 |  4.0
Necromancy     | 2 |  2.0
Translocations | 1 7 10 11 | 11.1

Action                   |  1- 3 |  4- 6 |  7- 9 | 10-12 | 13-15 | 16-18 | 19-21 | 22-24 | 25-27 || total
-------------------------+-------+-------+-------+-------+-------+-------+-------+-------+-------++-------
Melee: Unarmed           |     4 |       |       |       |       |       |       |       |       ||     4
       Short sword       |    36 |       |       |       |       |       |       |       |       ||    36
       Spear             |    24 |   465 |   460 |       |       |       |       |       |       ||   949
       Trident           |       |       |   100 |  1121 |  2229 |   542 |       |       |       ||  3992
       Tailslap          |       |       |       |       |     3 |       |    14 |     4 |     2 ||    23
       Bardiche          |       |       |       |       |       |  1176 |  1769 |  1785 |  1870 ||  6600
 Fire: Hunting sling     |    25 |    32 |    29 |       |       |       |       |       |       ||    86
Throw: Stone             |       |       |     2 |     1 |       |       |       |       |       ||     3
       Throwing net      |       |       |       |       |     1 |     1 |       |       |     1 ||     3
       Javelin           |       |       |       |       |       |     2 |       |       |       ||     2
 Cast: Freeze            |    30 |    26 |    80 |       |       |       |       |       |       ||   136
       Ozocubu's Armour  |       |    14 |    36 |    57 |    74 |    58 |    58 |    64 |    90 ||   451
       Throw Icicle      |       |       |     1 |       |    52 |     7 |    15 |     3 |       ||    78
       Summon Ice Beast  |       |       |       |    12 |    94 |    75 |    15 |     8 |       ||   204
       Summon Butterflie |       |       |       |     4 |    11 |    24 |     3 |       |     3 ||    45
       Aura of Abjuratio |       |       |       |       |    19 |     5 |     5 |    18 |     4 ||    51
       Summon Mana Viper |       |       |       |       |       |    64 |     7 |     7 |     4 ||    82
       Regeneration      |       |       |       |       |       |    16 |    29 |    38 |    47 ||   130
       Blink             |       |       |       |       |       |       |     3 |     5 |     5 ||    13
       Apportation       |       |       |       |       |       |       |       |     2 |     4 ||     6
       Shadow Creatures  |       |       |       |       |       |       |       |    43 |    67 ||   110
       Summon Hydra      |       |       |       |       |       |       |       |     1 |       ||     1
       Dragon's Call     |       |       |       |       |       |       |       |       |     6 ||     6
Invok: Curse Item        |       |       |       |     5 |     4 |     3 |       |     4 |     2 ||    18
       Scrying           |       |       |       |       |       |     3 |     3 |     4 |     4 ||    14
Evoke: Wand              |       |     1 |    10 |    17 |    18 |     1 |    12 |     4 |     5 ||    68
       Box of beasts     |       |       |       |       |     3 |       |     1 |       |     1 ||     5
       Phial of floods   |       |       |       |       |     4 |     2 |     2 |     2 |     2 ||    12
       Fan of gales      |       |       |       |       |     2 |       |       |       |       ||     2
       Phantom mirror    |       |       |       |       |     1 |       |       |     1 |       ||     2
       Sack of spiders   |       |       |       |       |       |     2 |     3 |       |     1 ||     6
  Use: Scroll            |     6 |     2 |    13 |    12 |    14 |    17 |    12 |    18 |    14 ||   108
       Potion            |       |     1 |     4 |     7 |     6 |    15 |     8 |     9 |    10 ||    60
 Stab: Sleeping          |     3 |    16 |     8 |    20 |    21 |    32 |    69 |    20 |    26 ||   215
       Paralysed         |       |       |    14 |     3 |    12 |       |       |     2 |       ||    31
       Distracted        |       |       |     1 |     9 |    17 |    28 |    17 |    22 |    30 ||   124
       Confused          |       |       |       |     8 |       |       |       |       |       ||     8
       Invisible         |       |       |       |     7 |       |     3 |       |       |     1 ||    11
       Petrifying        |       |       |       |       |       |       |     3 |       |       ||     3
  Eat: Chunk             |     3 |     7 |    19 |    23 |    47 |    27 |    36 |    36 |    30 ||   228
       Meat ration       |       |     1 |     1 |     2 |     6 |     9 |     1 |     2 |     3 ||    25
       Pizza             |       |       |     1 |     1 |       |       |     4 |     1 |       ||     7
       Royal jelly       |       |       |       |     1 |     1 |       |     2 |     4 |       ||     8
       Fruit             |       |       |       |       |     2 |    14 |       |     4 |     4 ||    24
       Beef jerky        |       |       |       |       |     1 |     1 |       |     3 |     6 ||    11
       Bread ration      |       |       |       |       |       |     1 |       |     1 |     3 ||     5
Armor: Robe              |    16 |    55 |    95 |   161 |   221 |   209 |   234 |   194 |   268 ||  1453
       Pearl dragon armo |       |       |       |       |     6 |       |       |       |       ||     6
       Quicksilver drago |       |       |       |       |    99 |    25 |       |    73 |       ||   197
       Skin              |       |       |       |       |       |       |       |     1 |       ||     1
Dodge: Dodged            |    65 |   227 |   340 |   607 |  1603 |  1253 |  1389 |  1412 |  1801 ||  8697
Block: Buckler           |       |       |       |       |       |    74 |       |       |       ||    74
